AoeStats
← MZTK | GaboxNet .i.

Arabia

504704828Analyzed
1v1 RM · 25d ago on Sep 6, 2026· 51m 24s· 2 players
Game mode
Random Map
Map size
Tiny (2 player)
Population
200
Speed
Normal
Resources
Standard
Victory
Conquest
Starting age
Dark Age
Ending age
Imperial Age
RankedLock teamsTeams togetherTeam positionsShared explorationLock speedFull tech treeHidden civsTurbo modeCheats
Victory
Defeat
🇹🇼 Mongols · Taiwan
1185
+15
🇲🇽 Malians · Mexico
1156
-15
MZTK | GaboxNet .i.
7:59 Loom
10:13 Feudal Age
10:50 Double-Bit Axe
19:43 Castle Age
19:00 Bloodlines
18:42 Gold Mining
19:47 Scale Barding Armor
20:50 Bow Saw
25:31 Wheelbarrow
35:33 Imperial Age
33:31 Hand Cart
35:49 Padded Archer Armor
35:49 Scale Mail Armor
37:02 Elite Skirmisher
39:42 Leather Archer Armor
39:18 Fletching
39:50 Ballistics
40:31 Chemistry
40:29 Forging
41:39 Ring Archer Armor
41:04 Bodkin Arrow
40:34 Light Cavalry
41:42 Husbandry
42:25 Chain Barding Armor
42:41 Iron Casting
43:46 Farimba
47:23 Coinage
49:42 Plate Barding Armor
旅遊視野01
5:57 Loom
8:19 Feudal Age
9:07 Horse Collar
16:05 Wheelbarrow
17:00 Town Watch
19:46 Castle Age
18:17 Fletching
18:30 Gold Mining
19:29 Bloodlines
20:17 Double-Bit Axe
20:28 Bodkin Arrow
24:29 Husbandry
25:23 Padded Archer Armor
29:20 Leather Archer Armor
30:25 Scale Barding Armor
31:36 Hand Cart
32:21 Stone Mining
33:08 Bow Saw
34:52 Light Cavalry
37:22 Thumb Ring
37:40 Chain Barding Armor
40:40 Imperial Age
38:34 Forging
39:52 Iron Casting
40:56 Gold Shaft Mining
41:35 Ballistics
41:44 Conscription
40:47 Heavy Cavalry Archer
41:57 Parthian Tactics
43:22 Chemistry
42:49 Drill
42:52 Bracer
43:53 Blast Furnace
44:07 Stone Shaft Mining
43:14 Hussar
45:37 Capped Ram
49:10 Fortified Wall
49:11 Masonry
48:57 Murder Holes
49:54 Siege Ram
Connection lost

Rejoining the realm…

Still unreachable

The connection could not be restored.

Session expired

The server has moved on; the page needs a fresh start.